 Dungeon Crawl Stone Soup version 0.21-a0-228-g14ccbf3 (webtiles) character file.

5 Gorglomux the Insei (level 1, 0/15 HPs)
             Began as a Gnoll Transmuter on Aug 31, 2017.
             Slain by a jackal (1 damage)
             ... on level 1 of the Dungeon.
             The game lasted 00:00:48 (295 turns).

Gorglomux the Insei (Gnoll Transmuter)               Turns: 295, Time: 00:00:49

Health: 0/15       AC:  2    Str:  7    XL:     1   Next: 80%
Magic:  3/4        EV: 12    Int:  7    God:
Gold:   23         SH:  0    Dex:  7    Spells: 5/6 levels left

rFire    . . .     SeeInvis .     - Unarmed
rCold    . . .     Gourm    .   (no shield)
rNeg     . . .     Faith    .   b - +0 robe
rPois    .         Spirit   .   (no helmet)
rElec    .         Reflect  .   (no cloak)
rCorr    .         Harm     .   (no gloves)
MR       .....                  (boots currently unavailable)
Stlth    +.........             (no amulet)
HPRegen  0.05/turn              (no ring)
MPRegen  0.09/turn              (no ring)

@: appendage (expiring)
A: unchanging attributes, fangs 1, talons 3, strong nose
a: End Transformation


You were on level 1 of the Dungeon.
You were not hungry.
You had grown temporary talons.
You visited 1 branch of the dungeon, and saw 1 of its levels.

You collected 23 gold pieces.

Inventory:

Missiles
 a - 12 arrows
Armour
 b - a +0 robe (worn)
Scrolls
 e - a scroll of identify {unknown}
 f - a scroll of amnesia {unknown}
 g - a scroll of fog {unknown}
Books
 c - a book of Changes

   Spells                             Type                      Level
   a - Beastly Appendage              Transmutation                1
   b - Sticks to Snakes               Transmutation                2
   c - Spider Form                    Transmutation/Poison         3
   d - Ice Form                       Ice/Transmutation            4
   e - Blade Hands                    Transmutation                5
Comestibles
 d - a bread ration


   Skills:
 - Level 1.3 Fighting
 - Level 2.6 Dodging
 - Level 4.0 Unarmed Combat
 + Level 3.4 Spellcasting
 + Level 3.0 Transmutations


You had 5 spell levels left.
You knew the following spells:

 Your Spells              Type           Power        Failure   Level  Hunger
a - Beastly Appendage     Tmut           #.....       10%         1    ##.....


Dungeon Overview and Level Annotations

Branches:
Dungeon (1/15)

Altars:


Innate Abilities, Weirdness & Mutations

Your physical attributes are unchanging.
You have very sharp teeth.
Your uncanny sense of smell can sniff out nearby items.
You have claws for feet.


Message History

The butt butts you!
Casting: Beastly Appendage
Confirm with ! or Enter, or press ? or * to list all spells!
Your feet morph into talons!
Your transformation is almost over!
The jackal misses you! The jackal bites you! * * * don't die
* * * You butt the jackal into a bloody pulp!
The jackal is lightly wounded!
The jackal misses you!
You pulverise the jackal!
The jackal is butt-ly wounded!
The jackal bites you! * * * don't die
* * * You barely miss the jackal!
The jackal is moderately wounded!
The jackal bites you! * * * don't die
* * * The jackal bites you! rip

#...........##.#..... ####
#...........##.#.###. .. ..#
#...........##.#.#.#. (...####(#
#...........##.#... .
.........###...........##.#.###.
#+#.##................##.......
#..###............####.####
#....#.###.######## ##.####
#..#.#.# #@# #...... #..#.#.#
#h# ##.##### #..#.#.# #h# #...#
#..#.#.# #.# #.⌠.#
#.#..#.#.###.### . #...#
................#.... #.⌠.#
...).....$.$....hh... #...#
...#..#.#.#####.#....∆#.⌠.# ##
#..#.#.# ..#### #...#


You could see 2 jackals.

Vanquished Creatures
  2 jackals (D:1)
  A kobold (D:1)
  2 rats (D:1)
5 creatures vanquished.

Notes
Turn   | Place    | Note
-------+----------+-------------------------------------------
     0 | D:1      | Gorglomux the Gnoll Transmuter began the quest for the Orb.
     0 | D:1      | Reached XP level 1. HP: 15/15 MP: 4/4
   289 | D:1      | Reached skill level 3 in Transmutations
   295 | D:1      | Slain by a jackal

Vault maps used:
D:1:      lemuel_arrival_hallway, feat_on_display

Skill      XL: |  1 |
---------------+----+-----
Transmutations | 3 |  3.0
Fighting       | |  1.3
Dodging        | |  2.6
Unarmed Combat | |  4.0
Spellcasting   | |  3.4

Action                   || total
-------------------------++-------
Melee: Unarmed           ||    23
 Cast: Beastly Appendage ||     2
Armor: Robe              ||     2
Dodge: Dodged            ||    15

Table legend:
 A = Spawn XP
 B = Non-spawn XP
 C = Spawn XP percentage of total XP
 D = Spawn monster count
 E = Non-spawn monster count
 F = Spawn count percentage of total count
 G = Total turns spent on level
                    A         B        C        D         E        F      G
               +---------+---------+-------+---------+---------+-------+---------
         Total |       0 |       8 |   0.0 |       0 |       5 |   0.0 |   295
               +---------+---------+-------+---------+---------+-------+---------
           D:1 |       0 |       8 |   0.0 |       0 |       5 |   0.0 |   295
               +---------+---------+-------+---------+---------+-------+---------
